| TOP OF THE 1ST |
|
Tijuana Toros batting - Pitching for Calgary Flames : RHP Scott Howarth
|
|
Pitching: RHP Scott Howarth
|
|
|
Batting: RHB Alex Diaz
|
0-0: Swinging Strike 0-1: Ball 1-1: Ball 2-1: Foul Ball, location: 2F 2-2: Strikes out swinging
|
|
Batting: RHB Guo Kwok
|
0-0: Called Strike 0-1: Ball 1-1: Ball 2-1: Ground out 6-3 (Groundball, 6D, EV 107.5 MPH)
|
|
Batting: RHB Jerry Afghani
|
0-0: Ground out 6-3 (Groundball, 6S, EV 85.0 MPH)
|
| Top of the 1st over - 0 runs, 0 hits, 0 errors, 0 left on base; Tijuana 0 - Calgary 0 |
| BOTTOM OF THE 1ST |
|
Calgary Flames batting - Pitching for Tijuana Toros : RHP Ricky Mendoza
|
|
Pitching: RHP Ricky Mendoza
|
|
|
Batting: SHB Yu-hsui Lew
|
0-0: Foul Ball, location: 2F 0-1: Foul Ball, location: 2F 0-2: Ground out 3-1 (Groundball, 34, EV 108.1 MPH)
|
|
Batting: RHB Andre Thompson
|
0-0: Ball 1-0: Called Strike 1-1: Hit by Pitch
|
|
Batting: SHB Steve Wipf
|
0-0: Called Strike 0-1: Foul Ball, location: 2F 0-2: Ball 1-2: Ball 2-2: Ball 3-2: Foul Ball, location: 2F 3-2: Foul Ball, location: 2F 3-2: SINGLE (Groundball, 6D, EV 94.4 MPH) Andre Thompson to second Andre Thompson to third
|
|
Batting: LHB Greg Robertson
|
0-0: Ball 1-0: SINGLE (Line Drive, 78S, EV 112.5 MPH) Andre Thompson scores Steve Wipf to second
|
|
Batting: RHB Jim Harkness
|
0-0: Ball 1-0: Ball 2-0: Fly out, F6 (Popup, 6MS, EV 78.1 MPH)
|
|
Batting: RHB Bruce Lovett
|
0-0: Swinging Strike 0-1: Fly out, F9 (Flyball, 89M, EV 85.0 MPH)
|
| Bottom of the 1st over - 1 run, 2 hits, 0 errors, 2 left on base; Tijuana 0 - Calgary 1 |
| TOP OF THE 2ND |
|
Tijuana Toros batting - Pitching for Calgary Flames : RHP Scott Howarth
|
|
Batting: RHB Shiki Nomoto
|
0-0: Ball 1-0: Ball 2-0: Ball 3-0: Base on Balls
|
|
Batting: RHB Mario Diaz
|
0-0: Foul Ball, location: 2F 0-1: Ball 1-1: Ball 2-1: 2-RUN HOME RUN (Flyball, 78XD, EV 104.4 MPH), Distance : 444 ft
|
|
Batting: RHB Jesus Herrera
|
0-0: Ball 1-0: Swinging Strike 1-1: Ball 2-1: Called Strike 2-2: Ball 3-2: Strikes out swinging
|
|
Batting: LHB Jose Diaz
|
0-0: Called Strike 0-1: Swinging Strike 0-2: Ball 1-2: Strikes out looking
|
|
Batting: RHB Tan-ming Kwan
|
0-0: Swinging Strike 0-1: Ball 1-1: Foul Ball, location: 2F 1-2: Ball 2-2: Fly out, F7 (Line Drive, 7S, EV 90.6 MPH)
|
| Top of the 2nd over - 2 runs, 1 hit, 0 errors, 0 left on base; Tijuana 2 - Calgary 1 |
| BOTTOM OF THE 2ND |
|
Calgary Flames batting - Pitching for Tijuana Toros : RHP Ricky Mendoza
|
|
Batting: RHB Chad Stady
|
0-0: Ball 1-0: Called Strike 1-1: Foul Ball, location: 2F 1-2: Foul Ball, location: 2F 1-2: Fly out, F7 (Line Drive, 7, EV 98.8 MPH)
|
|
Batting: RHB Ryan Allen
|
0-0: Called Strike 0-1: Ball 1-1: Ball 2-1: Swinging Strike 2-2: Strikes out swinging
|
|
Batting: RHB Jerry Olson
|
0-0: Called Strike 0-1: Fly out, F9 (Flyball, 9D, EV 101.9 MPH)
|
| Bottom of the 2nd over - 0 runs, 0 hits, 0 errors, 0 left on base; Tijuana 2 - Calgary 1 |
| TOP OF THE 3RD |
|
Tijuana Toros batting - Pitching for Calgary Flames : RHP Scott Howarth
|
|
Batting: RHB Clay Holgate
|
0-0: Called Strike 0-1: Called Strike 0-2: Ball 1-2: Foul Ball, location: 2F 1-2: Foul Ball, location: 2F 1-2: Ball 2-2: Strikes out swinging
|
|
Batting: RHB Alex Diaz
|
0-0: Called Strike 0-1: Foul Ball, location: 2F 0-2: Ground out 1-3 (Groundball, 13S, EV 69.4 MPH)
|
|
Batting: RHB Guo Kwok
|
0-0: Fly out, F5 (Popup, 5F, EV 70.6 MPH)
|
| Top of the 3rd over - 0 runs, 0 hits, 0 errors, 0 left on base; Tijuana 2 - Calgary 1 |
| BOTTOM OF THE 3RD |
|
Calgary Flames batting - Pitching for Tijuana Toros : RHP Ricky Mendoza
|
|
Batting: SHB Yu-hsui Lew
|
0-0: Ball 1-0: Fly out, F7 (Flyball, 7, EV 83.8 MPH)
|
|
Batting: RHB Andre Thompson
|
0-0: Foul Ball, location: 2F 0-1: Called Strike 0-2: Ground out 6-3 (Groundball, 6, EV 90.0 MPH)
|
|
Batting: SHB Steve Wipf
|
0-0: Ball 1-0: Called Strike 1-1: Ball 2-1: Ball 3-1: Base on Balls
|
|
Batting: LHB Greg Robertson
|
0-0: Ball 1-0: Foul Ball, location: 2F 1-1: Ball 2-1: SINGLE (Groundball, 4M, EV 103.8 MPH) (infield hit) Steve Wipf to second
|
|
Batting: RHB Jim Harkness
|
0-0: Ball 1-0: Fielders Choice at 2nd, 6-4 (Groundball, 56, EV 85.0 MPH)
|
| Bottom of the 3rd over - 0 runs, 1 hit, 0 errors, 2 left on base; Tijuana 2 - Calgary 1 |
| TOP OF THE 4TH |
|
Tijuana Toros batting - Pitching for Calgary Flames : RHP Scott Howarth
|
|
Batting: RHB Jerry Afghani
|
0-0: Foul Ball, location: 2F 0-1: Swinging Strike 0-2: Ground out 4-3 (Groundball, 34, EV 84.4 MPH)
|
|
Batting: RHB Shiki Nomoto
|
0-0: Ball 1-0: Called Strike 1-1: Swinging Strike 1-2: Strikes out swinging
|
|
Batting: RHB Mario Diaz
|
0-0: Ball 1-0: Ball 2-0: Ball 3-0: Called Strike 3-1: Foul Ball, location: 2F 3-2: Strikes out swinging
|
| Top of the 4th over - 0 runs, 0 hits, 0 errors, 0 left on base; Tijuana 2 - Calgary 1 |
| BOTTOM OF THE 4TH |
|
Calgary Flames batting - Pitching for Tijuana Toros : RHP Ricky Mendoza
|
|
Batting: RHB Bruce Lovett
|
0-0: Ground out 6-3 (Groundball, 6, EV 89.4 MPH)
|
|
Batting: RHB Chad Stady
|
0-0: Ball 1-0: Called Strike 1-1: Swinging Strike 1-2: Strikes out swinging, 2-3 out at first.
|
|
Batting: RHB Ryan Allen
|
0-0: Ball 1-0: Ball 2-0: Foul Ball, location: 2F 2-1: Swinging Strike 2-2: Ball 3-2: Strikes out swinging
|
| Bottom of the 4th over - 0 runs, 0 hits, 0 errors, 0 left on base; Tijuana 2 - Calgary 1 |
| TOP OF THE 5TH |
|
Tijuana Toros batting - Pitching for Calgary Flames : RHP Scott Howarth
|
|
Batting: RHB Jesus Herrera
|
0-0: Called Strike 0-1: Called Strike 0-2: Ball 1-2: Foul Ball, location: 2F 1-2: Fly out, F9 (Flyball, 9D, EV 102.5 MPH)
|
|
Batting: LHB Jose Diaz
|
0-0: Ball 1-0: Called Strike 1-1: Ball 2-1: Foul Ball, location: 2F 2-2: Ball 3-2: Ground out 5-3 (Groundball, 6, EV 92.5 MPH)
|
|
Batting: RHB Tan-ming Kwan
|
0-0: Ball 1-0: Foul Ball, location: 2F 1-1: Ball 2-1: Called Strike 2-2: Strikes out looking
|
| Top of the 5th over - 0 runs, 0 hits, 0 errors, 0 left on base; Tijuana 2 - Calgary 1 |
| BOTTOM OF THE 5TH |
|
Calgary Flames batting - Pitching for Tijuana Toros : RHP Ricky Mendoza
|
|
Batting: RHB Jerry Olson
|
0-0: Foul Ball, location: 2F 0-1: Ball 1-1: SOLO HOME RUN (Flyball, 89XD, EV 112.5 MPH), Distance : 426 ft
|
|
Batting: SHB Yu-hsui Lew
|
0-0: Ball 1-0: SINGLE (Groundball, 6MD, EV 102.5 MPH)
|
|
Batting: RHB Andre Thompson
|
0-0: Ball 1-0: 2-RUN HOME RUN (Flyball, 9D, EV 98.8 MPH), Distance : 379 ft
|
|
Batting: SHB Steve Wipf
|
0-0: Called Strike 0-1: Swinging Strike 0-2: Foul Ball, location: 2F 0-2: Fly out, F9 (Flyball, 89M, EV 76.9 MPH)
|
|
Batting: LHB Greg Robertson
|
0-0: Ball 1-0: Ground out 6-3 (Groundball, 6M, EV 85.6 MPH)
|
|
Batting: RHB Jim Harkness
|
0-0: Called Strike 0-1: Ball 1-1: Ball 2-1: Foul Ball, location: 2F 2-2: Strikes out swinging
|
| Bottom of the 5th over - 3 runs, 3 hits, 0 errors, 0 left on base; Tijuana 2 - Calgary 4 |
| TOP OF THE 6TH |
|
Tijuana Toros batting - Pitching for Calgary Flames : RHP Scott Howarth
|
|
Batting: RHB Clay Holgate
|
0-0: Foul Ball, location: 2F 0-1: Ball 1-1: Ground out 6-3 (Groundball, 56, EV 98.1 MPH)
|
|
Batting: RHB Alex Diaz
|
0-0: Swinging Strike 0-1: Ball 1-1: Called Strike 1-2: Ball 2-2: Ball 3-2: Foul Ball, location: 2F 3-2: Ground out 6-3 (Groundball, 6, EV 83.8 MPH)
|
|
Batting: RHB Guo Kwok
|
0-0: Called Strike 0-1: SINGLE (Groundball, 6MD, EV 99.4 MPH)
|
|
Pitching: RHP John Smyth
|
|
|
Batting: RHB Jerry Afghani
|
0-0: Ball 1-0: Foul Ball, location: 2F 1-1: Swinging Strike 1-2: Ball 2-2: Foul Ball, location: 2F 2-2: Foul Ball, location: 2F 2-2: Strikes out swinging
|
| Top of the 6th over - 0 runs, 1 hit, 0 errors, 1 left on base; Tijuana 2 - Calgary 4 |
| BOTTOM OF THE 6TH |
|
Calgary Flames batting - Pitching for Tijuana Toros : RHP Ricky Mendoza
|
|
Batting: RHB Bruce Lovett
|
0-0: Ball 1-0: Ball 2-0: Ball 3-0: Base on Balls
|
|
Pitching: RHP Jimmy Hitchcock
|
|
|
Batting: RHB Chad Stady
|
0-0: Called Strike 0-1: Grounds into double play, 5-4-3 (Groundball, 5, EV 86.2 MPH)
|
|
Batting: LHB Danny Valdovinos
|
0-0: Ball 1-0: Called Strike 1-1: Fly out, F7 (Flyball, 78S, EV 81.9 MPH)
|
| Bottom of the 6th over - 0 runs, 0 hits, 0 errors, 0 left on base; Tijuana 2 - Calgary 4 |
| TOP OF THE 7TH |
|
Tijuana Toros batting - Pitching for Calgary Flames : RHP John Smyth
|
|
Batting: RHB Shiki Nomoto
|
0-0: Called Strike 0-1: Swinging Strike 0-2: Foul Ball, location: 2F 0-2: Foul Ball, location: 2F 0-2: Ground out 6-3 (Groundball, 56, EV 95.6 MPH)
|
|
Batting: RHB Mario Diaz
|
0-0: Foul Ball, location: 2F 0-1: Ball 1-1: Ball 2-1: Swinging Strike 2-2: Ball 3-2: Base on Balls
|
|
Batting: RHB Jesus Herrera
|
0-0: Called Strike 0-1: Ball Mario Diaz steals 2nd base 1-1: Fly out, F8 (Line Drive, 8LD, EV 91.9 MPH)
|
|
Pitching: LHP Dong-u Jung
|
|
|
Batting: LHB Jose Diaz
|
0-0: Ball 1-0: Ball 2-0: Ball 3-0: Base on Balls
|
|
Pitching: RHP Dennis Seebacher
|
|
|
Batting: RHB Tan-ming Kwan
|
0-0: Ball 1-0: Foul Ball, location: 2F 1-1: Foul Ball, location: 2F 1-2: Ground out 5-3 (Groundball, 15, EV 85.0 MPH)
|
| Top of the 7th over - 0 runs, 0 hits, 0 errors, 2 left on base; Tijuana 2 - Calgary 4 |
| BOTTOM OF THE 7TH |
|
Calgary Flames batting - Pitching for Tijuana Toros : RHP Jimmy Hitchcock
|
|
Batting: RHB Jerry Olson
|
0-0: Ball 1-0: Ball 2-0: Foul Ball, location: 2F 2-1: Foul Ball, location: 2F 2-2: Foul Ball, location: 2F 2-2: Strikes out swinging
|
|
Batting: SHB Yu-hsui Lew
|
0-0: Called Strike 0-1: Fly out, F8 (Flyball, 8LD, EV 89.4 MPH)
|
|
Batting: RHB Andre Thompson
|
0-0: Ball 1-0: Fly out, F8 (Flyball, 8LM, EV 93.1 MPH)
|
| Bottom of the 7th over - 0 runs, 0 hits, 0 errors, 0 left on base; Tijuana 2 - Calgary 4 |
| TOP OF THE 8TH |
|
Tijuana Toros batting - Pitching for Calgary Flames : RHP Dennis Seebacher
|
|
Batting: RHB Djoka Subasic
|
0-0: Ball 1-0: Foul Ball, location: 2F 1-1: Ball 2-1: Swinging Strike 2-2: Foul Ball, location: 2F 2-2: Foul Ball, location: 2F 2-2: Fly out, F9 (Flyball, 9D, EV 90.6 MPH)
|
|
Batting: RHB Alex Diaz
|
0-0: Called Strike 0-1: Foul Ball, location: 2F 0-2: Strikes out swinging
|
|
Batting: RHB Guo Kwok
|
0-0: Ball 1-0: Foul Ball, location: 2F 1-1: Swinging Strike 1-2: Ball 2-2: Ground out 5-3 (Groundball, 56, EV 83.8 MPH)
|
| Top of the 8th over - 0 runs, 0 hits, 0 errors, 0 left on base; Tijuana 2 - Calgary 4 |
| BOTTOM OF THE 8TH |
|
Calgary Flames batting - Pitching for Tijuana Toros : RHP Jimmy Hitchcock
|
|
Batting: SHB Steve Wipf
|
0-0: Ball 1-0: Ball 2-0: Foul Ball, location: 2F 2-1: Ball 3-1: Reached on error, E6 (Groundball, 6M, EV 90.6 MPH)
|
|
Batting: LHB Greg Robertson
|
0-0: Foul Ball, location: 2F 0-1: Foul Ball, location: 2F 0-2: Hit by Pitch Steve Wipf to second
|
|
Pinch Hitting: SHB Shawnie Codbucket
|
0-0: Ball 1-0: Fly out, F8 (Flyball, 8RD, EV 106.2 MPH)
|
|
Pinch Hitting: RHB Ahmed Elezi
|
0-0: Ball 1-0: Foul Ball, location: 2F 1-1: Ball 2-1: Ball 3-1: Called Strike 3-2: Base on Balls Steve Wipf to third Greg Robertson to second
|
|
Pinch Hitting: RHB Alejandro Patron
|
0-0: Grounds into fielders choice 5-2 (Groundball, 5, EV 104.4 MPH) Greg Robertson to third Ahmed Elezi to second
|
|
Batting: LHB Danny Valdovinos
|
0-0: SINGLE (Groundball, 56D, EV 100.0 MPH) Greg Robertson scores Ahmed Elezi to third Alejandro Patron to second Runner from 3rd tries for Home, throw by LF and OUT! 7-2
|
| Bottom of the 8th over - 1 run, 1 hit, 1 error, 2 left on base; Tijuana 2 - Calgary 5 |
| TOP OF THE 9TH |
|
Tijuana Toros batting - Pitching for Calgary Flames : RHP Dennis Seebacher
|
|
Pitching: RHP Dylan Aceituno
|
|
|
Now at C: Frank Pinksen
|
|
|
Now at 3B: Juan Maravilla
|
|
|
Now at SS: Tyler Johnson
|
|
|
Batting: RHB Jerry Afghani
|
0-0: Called Strike 0-1: Fly out, F3 (Line Drive, 3L, EV 69.4 MPH)
|
|
Batting: RHB Shiki Nomoto
|
0-0: Ball 1-0: Ball 2-0: Fly out, F7 (Flyball, 7LD, EV 83.8 MPH)
|
|
Batting: RHB Mario Diaz
|
0-0: Ball 1-0: Ball 2-0: Ball 3-0: Called Strike 3-1: Foul Ball, location: 2F 3-2: Fly out, F8 (Flyball, 8LD, EV 92.5 MPH)
|
| Top of the 9th over - 0 runs, 0 hits, 0 errors, 0 left on base; Tijuana 2 - Calgary 5 |
|